 Dungeon Crawl Stone Soup version 0.10.0-32-gfa280cc character file.

284 solis the Ducker (level 5, -8/33 HPs)
             Began as a Kobold Berserker on Apr 25, 2012.
             Was a Believer of Trog.
             Mangled by an iguana (11 damage)
             ... on Level 3 of the Dungeon.
             The game lasted 00:29:24 (3766 turns).

solis the Ducker (Kobold Berserker)                 Turns: 3766, Time: 00:29:24

HP  -8/33        AC  2     Str 18      XL: 5   Next: 21%
MP   4/4         EV 14     Int  5      God: Trog [**....]
Gold 168         SH 18     Dex 17      Spells:  0 memorised,  4 levels left

Res.Fire  : . . .   See Invis. : .   o - +0 short sword
Res.Cold  : . . .   Warding    : . . b - +0 animal skin
Life Prot.: . . .   Conserve   : .   i - +0 shield
Res.Acid. : . . .   Res.Corr.  : .   (no helmet)
Res.Poison: .       Clarity    : .   (no cloak)
Res.Elec. : .       Spirit.Shd : .   (no gloves)
Sust.Abil.: + .     Stasis     : .   (no boots)
Res.Mut.  : .       Ctrl.Telep.: .   (no amulet)
Res.Rott. : .       Levitation : .   r - ring of sustain abilities {unknown}
Saprovore : + + .   Ctrl.Flight: .   f - +3 ring of dexterity

@: slightly resistant to hostile enchantments, fairly stealthy
A: disease resistance, carnivore 3, saprovore 2
a: Burn Spellbooks, Berserk, Trog's Hand, Renounce Religion


You were on level 3 of the Dungeon.
You worshipped Trog.
Trog was most pleased with you.
You were not hungry.

You visited 1 branch of the dungeon, and saw 3 of its levels.

You collected 148 gold pieces.

Inventory:

Hand weapons
 m - a +0,+0 dagger (quivered)
 o - a +0,+0 short sword (weapon)
Missiles
 q - a +0 dart
 t - 2 poisoned +4 needles
Armour
 b - a +0 animal skin (worn)
 e - a +0 buckler
 i - a +0 shield (worn)
Magical devices
 j - a wand of frost (12)
 x - a wand of paralysis (6) {unknown}
Comestibles
 c - 3 meat rations
 d - an apricot
 h - an apple
Scrolls
 a - 2 scrolls of fear
 k - 2 scrolls of remove curse {unknown}
 s - 2 scrolls of amnesia {unknown}
 u - a scroll of enchant weapon II {unknown}
 v - a scroll of blinking {unknown}
Jewellery
 f - a +3 ring of dexterity (left hand)
 r - a ring of sustain abilities (right hand) {unknown}
 w - an uncursed ring of protection from magic {unknown}
Potions
 g - a potion of restore abilities {unknown}
 l - a potion of curing {unknown}
 n - a potion of paralysis {unknown}
 p - a potion of brilliance {unknown}


   Skills:
 + Level 3,7 Fighting
 + Level 2,1 Short Blades
 - Level 3,8 Maces & Flails
 + Level 1,5 Armour
 + Level 4,4 Dodging
 + Level 1,9 Stealth
 + Level 0,8 Stabbing
 + Level 1,2 Shields
 + Level 0,5 Traps & Doors


You had 4 spell levels left.
You didn't know any spells.

Dungeon Overview and Level Annotations

Branches:
Dungeon (3/27)

Altars:


Innate Abilities, Weirdness & Mutations

You recuperate from illness quickly.
You are small and have problems with some larger weapons.
You are carnivorous and can eat meat at any time.
You can eat rotten meat.


Message History

You block the hobgoblin's attack.
You slash the iguana but do no damage.
The iguana is moderately wounded.
You block the iguana's attack.
The hobgoblin hits you but does no damage.
Your shield prevents you from hitting the iguana.
The iguana is moderately wounded.
The iguana bites you.
* * * LOW HITPOINT WARNING * * *
You block the hobgoblin's attack.
You puncture the iguana but do no damage.
The iguana is moderately wounded.
You block the iguana's attack.
The hobgoblin hits you but does no damage.
The hobgoblin hits you.
* * * LOW HITPOINT WARNING * * *
You slash the iguana but do no damage.
The iguana is moderately wounded.
The iguana bites you!
You die...

######
#....#
#########
#....'
#.......#
#....#
#...@...#
#....#
#...lg..#
+....#
#.......+
#..^(#
#.......#
###'##
####'####
#.## #..#
#...
####'#####
######'
#........#
#......
#........#
#......


You could see an iguana and a hobgoblin.

Vanquished Creatures
  3 adders (D:3)
  A giant mite (D:3)
  2 worms
  5 giant geckos
  An ooze (D:1)
  2 ball pythons
  9 hobgoblins
  A quokka (D:3)
  4 bats
  3 giant cockroaches
  4 giant newts
  8 goblins
  A jackal (D:3)
  12 kobolds
  13 rats
69 creatures vanquished.

Notes
Turn   | Place    | Note
--------------------------------------------------------------
     0 | D:1      | solis, the Kobold Berserker, began the quest for the Orb.
     0 | D:1      | Reached XP level 1. HP: 14/14 MP: 0/0
   346 | D:1      | Reached XP level 2. HP: 12/19 MP: 1/1
   831 | D:1      | Reached skill level 1 in Stealth
  1059 | D:2      | Reached XP level 3. HP: 22/24 MP: 2/2
  1656 | D:2      | Acquired Trog's second power
  1966 | D:2      | Reached skill level 1 in Short Blades
  2146 | D:3      | Reached XP level 4. HP: 23/28 MP: 3/3
  2152 | D:3      | Reached skill level 4 in Dodging
  2533 | D:3      | Reached skill level 1 in Shields
  2659 | D:3      | HP: 1/28 [quokka (4)]
  3115 | D:3      | Reached XP level 5. HP: 4/33 MP: 4/4
  3766 | D:3      | Mangled by an iguana
